 Dungeon Crawl Stone Soup version 0.23.2-1-ga50397a (webtiles) character file.

Game seed: 2771346424720356767

93 xveg the Vandal (level 4, -5/29 HPs)
             Began as a Halfling Hunter on May 9, 2019.
             Killed by divine providence
             ... invoked by an orc priest
              (7 damage)
             ... on level 3 of the Dungeon.
             The game lasted 00:01:58 (1632 turns).

xveg the Vandal (Halfling Hunter)                   Turns: 1632, Time: 00:01:59

Health: -5/29      AC: 11    Str: 14    XL:     4   Next: 91%
Magic:  4/4        EV: 14    Int:  9    God:
Gold:   98         SH:  0    Dex: 14    Spells: 3/3 levels left

rFire    . . .     SeeInvis .   a - +0 short sword (protect)
rCold    . . .     Gourm    .   (shield restricted)
rNeg     . . .     Faith    .   c - +0 leather armour
rPois    .         Spirit   .   (no helmet)
rElec    .         Reflect  .   r - +0 cloak
rCorr    .         Harm     .   (no gloves)
MR       .....                  (no boots)
Stlth    ++........             (no amulet)
HPRegen  0.09/turn              (no ring)
MPRegen  0.09/turn              (no ring)

@: protection aura
A: small, mutation resistance 1
a: no special abilities


You were on level 3 of the Dungeon.
You were not hungry.

You visited 1 branch of the dungeon, and saw 3 of its levels.

You collected 98 gold pieces.

Inventory:

Hand Weapons
 a - a +0 short sword of protection (weapon)
 b - a +1 hunting sling
 n - a +0 short sword
Missiles
 d - 62 sling bullets
 l - 42 stones (quivered)
Armour
 c - a +0 leather armour (worn)
 r - a +0 cloak (worn)
Scrolls
 g - 2 scrolls of enchant armour {unknown}
 h - 2 scrolls of fear {unknown}
 i - 2 scrolls of noise {unknown}
 j - 4 scrolls of identify {unknown}
 o - 3 scrolls of teleportation {unknown}
 p - a scroll of enchant weapon {unknown}
 s - 2 scrolls of remove curse {unknown}
 v - a scroll of fog {unknown}
 w - a scroll of magic mapping {unknown}
Potions
 e - a potion of curing {unknown}
 k - 2 potions of haste {unknown}
 m - 2 potions of heal wounds {unknown}
 q - a potion of agility {unknown}
 t - a potion of flight {unknown}
 u - a potion of degeneration {unknown}
Comestibles
 f - 5 rations
 x - a chunk of flesh


   Skills:
 + Level 2.1 Fighting
 + Level 1.8 Short Blades
 + Level 7.5 Slings
 + Level 0.6 Armour
 + Level 2.3 Dodging
 + Level 1.5 Stealth


You had 3 spell levels left.
You didn't know any spells.
Your spell library was empty.

Dungeon Overview and Level Annotations

Branches:
Dungeon (3/15)

Altars:


Innate Abilities, Weirdness & Mutations

You are small and have problems with some larger weapons.
You are somewhat resistant to further mutation.


Message History

Pain shoots through your body!
You are too injured to fight recklessly!
You are too injured to fight recklessly!
You are too injured to fight recklessly!
You are too injured to fight recklessly!
You are too injured to fight recklessly!
You are too injured to fight recklessly!
Your +0 short sword of protection hums with potential!
a - a +0 short sword of protection (weapon)
You hit the orc priest but do no damage.
Your weapon exudes an aura of protection.
The orc priest is almost dead.
The orc priest mumbles some strange prayers to Beogh against you.
Beogh smites you!
* * * LOW HITPOINT WARNING * * *
You closely miss the orc priest.
The orc priest is almost dead.
The orc priest calls down the wrath of Beogh upon you.
Beogh smites you!
You die...

#....### #.#.## # ###
#.#.# # ... ####.#.####
#.# ........#.
#.#######........
#..>.......#.#...
#)######.#######......##
(()(>(o@...<.......).#..
########.####.##....###.
#####.# #.##...## #
#.....####.##..##
#.......รท.......#
#..########.##...# .....
.......#.# ###.
###.##.#.... #
#.##.#.####


You could see an orc priest.

Vanquished Creatures
  An adder (D:3)
  3 oozes
  A worm (D:2)
  A dart slug (D:2)
  4 leopard geckos
  4 orcs (D:3)
  A ball python (D:2)
  3 giant cockroaches
  2 goblins
  11 hobgoblins
  5 kobolds
  A quokka (D:3)
  8 bats
  2 frilled lizards
  7 rats
54 creatures vanquished.

Notes
Turn   | Place    | Note
-------+----------+-------------------------------------------
     0 | D:1      | xveg the Halfling Hunter began the quest for the Orb.
     0 | D:1      | Reached XP level 1. HP: 14/14 MP: 1/1
    40 | D:1      | Reached skill level 6 in Slings
   164 | D:1      | Reached XP level 2. HP: 19/19 MP: 2/2
   385 | D:1      | Reached XP level 3. HP: 18/24 MP: 3/3
   695 | D:2      | Reached skill level 1 in Short Blades
  1068 | D:2      | Reached XP level 4. HP: 29/29 MP: 4/4
  1363 | D:3      | Reached skill level 7 in Slings
  1632 | D:3      | Killed from afar by an orc priest

Skill      XL: |  1  2  3  4 |
---------------+-------------+-----
Slings         | 6 7 |  7.5
Short Blades   | 1 |  1.8
Fighting       | 2 |  2.1
Armour         | |  0.6
Dodging        | |  2.3
Stealth        | |  1.5

Action                   |  1- 3 |  4- 6 || total
-------------------------+-------+-------++-------
Melee: Short sword       |    52 |     2 ||    54
 Fire: Hunting sling     |    44 |    60 ||   104
  Eat: Chunk             |       |     2 ||     2
Armor: Leather armour    |    21 |     5 ||    26
Dodge: Dodged            |    55 |     7 ||    62
